 Dungeon Crawl Stone Soup version 0.31-a0-271-gb88eb75e06 (webtiles) character file.

Game seed: 17060648979599925178

11 Maratek the Firebug (level 2, -1/15 HPs)
             Began as a Deep Elf Fire Elementalist on July 14, 2023.
             Slain by a hobgoblin (5 damage)
             ... on level 1 of the Dungeon.
             The game lasted 00:01:25 (165 turns).

Maratek the Firebug (Deep Elf Fire Elementalist)     Turns: 165, Time: 00:01:26

Health: -1/15      AC:  2    Str:  5    XL:     2   Next: 13%
Magic:  1/8        EV: 12    Int: 19    God:
Gold:   0          SH:  0    Dex: 15    Spells: 6/7 levels left

rFire   . . .        (no weapon)
rCold   . . .        (no shield)
rNeg    . . .        a - +0 robe
rPois   .            (no helmet)
rElec   .            (no cloak)
rCorr   .            (no gloves)
SInv    .            (no boots)
Will    +....        (no amulet)
Stlth   ++           c - ring of flight
HPRegen 0.22/turn    d - ring of willpower
MPRegen 0.11/turn

%: no passive effects
@: flying
A: no striking features
a: no special abilities


You were on level 1 of the Dungeon.
You visited 1 branch of the dungeon, and saw 1 of its levels.

Inventory:

Armour
 a - a +0 robe (worn)
Jewellery
 c - a ring of flight (left hand)
 d - a ring of willpower (right hand)
Potions
 b - a potion of magic


   Skills:
 + Level 2.6 Dodging
 + Level 2.5 Stealth
 + Level 3.1 Spellcasting
 + Level 1.3 Conjurations
 + Level 3.6 Fire Magic


You had 6 spell levels left.
You knew the following spells:

 Your Spells              Type           Power      Damage    Failure   Level
a - Foxfire               Conj/Fire      48%        2x1d6     5%          1

Your spell library contained the following spells:

 Spells                   Type           Power      Damage    Failure   Level
 Scorch                   Fire           34%        2d6       4%          2
 Inner Flame              Hex/Fire       9%         N/A       22%         3
 Volatile Blastmotes      Fire/Tloc      18%        2d11      22%         3
 Flame Wave               Conj/Fire      12%        2d6       47%         4


Dungeon Overview and Level Annotations

Branches:
Dungeon (1/15)

Altars:


Message History

Your foxfire dissipates!
The giant cockroach completely misses you.
The giant cockroach barely misses you. The goblin hits you with a +0 club.
The hobgoblin barely misses you.
The hobgoblin hits you but does no damage.
Casting: Foxfire (safe; 5% risk of failure)
Confirm with . or Enter, or press ? or * to list all spells.
You conjure some foxfire!
The giant cockroach bites you but does no damage.
The foxfire hits the rat.
You kill the rat!
The hobgoblin closely misses you. x2
The foxfire hits the hobgoblin but does no damage.
The giant cockroach bites you but does no damage.
The giant cockroach bites you. The hobgoblin closely misses you.
The hobgoblin hits you. The hobgoblin attacks as you move away!
The hobgoblin misses you. The hobgoblin attacks as you move away!
The hobgoblin closely misses you.
Casting: Foxfire (safe; 5% risk of failure)
Confirm with . or Enter, or press ? or * to list all spells.
You conjure some foxfire!
The hobgoblin hits you.
Your foxfire dissipates!
The hobgoblin attacks as you move away! The hobgoblin hits you.
The foxfire hits the hobgoblin.
The hobgoblin is moderately wounded.
The hobgoblin attacks as you move away! The hobgoblin misses you.
Casting: Foxfire (safe; 5% risk of failure)
Confirm with . or Enter, or press ? or * to list all spells.
You don't have enough magic to cast this spell.
The hobgoblin attacks as you move away! The hobgoblin completely misses you.
The hobgoblin attacks as you move away!
The hobgoblin hits you but does no damage.
The hobgoblin attacks as you move away! The hobgoblin hits you.
The hobgoblin attacks as you move away! The hobgoblin closely misses you.
The hobgoblin attacks as you move away! The hobgoblin barely misses you.
The hobgoblin attacks as you move away! The hobgoblin misses you.
The hobgoblin hits you.
* * * LOW HITPOINT WARNING * * *
The hobgoblin hits you.
You die...

.................# ###
...†....##.###.### #8#
........##.# #.# #.# ..>###.###.#
#.# ###.### ...###.....# #.#
###.....### ....#.############
#.........#
⌠~..#.#8##8##8##8###.........##
~~.............g............8.#
...#.........gBg@.............###
...#....................<.......8
...#..........................###
####........................8.#
##.#8##8##8##8###.........##
#.############ #.........# ###
###.....### ###.### #.#


You could see a giant cockroach, 2 hobgoblins and a goblin.

Vanquished Creatures
  2 bats (D:1)
  2 endoplasms (D:1)
  2 goblins (D:1)
  A jackal (D:1)
  2 rats (D:1)
9 creatures vanquished.

Vanquished Creatures (others)
  17 foxfires (D:1)
17 creatures vanquished.

Grand Total: 26 creatures vanquished

Notes
Turn   | Place    | Note
-------+----------+-------------------------------------------
     0 | D:1      | Maratek the Deep Elf Fire Elementalist began the quest for
                  | the Orb.
     0 | D:1      | Reached XP level 1. HP: 10/10 MP: 6/6
   117 | D:1      | Reached XP level 2. HP: 15/15 MP: 1/8
   165 | D:1      | Slain by a hobgoblin

Illustrated notes

Levels and vault maps discovered:
D:1:      psy_arrival_heroes, layout_basic, chequers_serial_rivers_room_a,
          st_stairs_4, corexii_leaking_fountain, grunt_decor_one_mirror,
          nicolae_kite_square_tiling_tiny, minmay_tromino_v4_c

Action                     || total
---------------------------++-------
   Cast: Foxfire           ||    15
 Armour: Robe              ||    13
  Dodge: Dodged            ||    31

Table legend: (Time is in decaauts)
 A = Elapsed time spent in this place.
 B = Non-inter-level travel time spent in this place.
 C = Inter-level travel time spent in this place.
 D = Time resting spent in this place.
 E = Time spent auto-exploring this place.
 F = Levels seen in this place.
 G = Mean time per level.
                   A        B        C        D        E       F      G
               +--------+--------+--------+--------+--------+-----+--------+
         Total |    164 |    164 |      0 |      2 |     36 |   1 |  164.0 |
       Dungeon |    164 |    164 |      0 |      2 |     36 |   1 |  164.0 |
               +--------+--------+--------+--------+--------+-----+--------+

Top non-repeatable levels by time:
     D:1: 164 daAuts
